 Dungeon Crawl Stone Soup version 0.30-a0-223-gcb0039aa0c (webtiles) character file.

Game seed: 6498854738193925176

3040 Crownlay the Geomancer (level 9, -12/61 HPs)
             Began as an Octopode Earth Elementalist on Sept 25, 2022.
             Was a Follower of Vehumet.
             Shot with a bolt by an orc (15 damage)
             ... in a bailey on Oct 9, 2022.
             The game lasted 00:21:51 (6167 turns).

Crownlay the Geomancer (OpEE)                       Turns: 6167, Time: 00:21:51

Health: -12/61     AC:  1    Str:  7    XL:     9   Next: 86%
Magic:  1/18       EV: 13    Int: 21    God:    Vehumet [*.....]
Gold:   258        SH:  0    Dex: 13    Spells: 11/21 levels left

rFire   . . .      SeeInvis .    w - staff of earth
rCold   . . .      Faith    .    (no shield)
rNeg    . . .      Spirit   .    (helmet restricted)
rPois   .          Reflect  .    (no amulet)
rElec   .          Harm     .    (no ring)
rCorr   .          Rampage  .    (no ring)
Will    .....                    (no ring)
Stlth   ++++......               (no ring)
HPRegen 0.30/turn                (no ring)
MPRegen 0.16/turn                (no ring)
                                 (no ring)
                                 (no ring)

@: very slightly contaminated
A: almost no armour, amphibious, 8 rings, camouflage 1, gelatinous body 1,
nimble swimmer 1, tentacles
a: Renounce Religion


You were in a bailey.
You worshipped Vehumet.
Vehumet was aware of your devotion.
You visited 2 branches of the dungeon, and saw 8 of its levels.
You also visited: Bailey.

You collected 313 gold pieces.
You spent 55 gold pieces at shops.

Inventory:

Missiles
 k - a throwing net
 s - 3 boomerangs of dispersal
Armour
 g - a +0 kite shield
Magical Staves
 w - a staff of earth (weapon)
Jewellery
 c - an amulet of reflection
 i - an amulet of regeneration
Wands
 n - a wand of polymorph (6)
Scrolls
 f - a scroll of enchant armour
 j - 4 scrolls of teleportation
 l - 2 scrolls of fear {unknown}
 r - a scroll of vulnerability {unknown}
 v - a scroll of butterflies
Potions
 a - a potion of magic
 b - a potion of flight {unknown}
 d - 2 potions of attraction {unknown}
 e - 5 potions of curing {unknown}
 h - a potion of heal wounds {unknown}
 m - 2 potions of cancellation {unknown}
 o - a potion of invisibility {unknown}
 p - a potion of brilliance {unknown}
 q - 2 potions of degeneration {unknown}
 t - a potion of berserk rage {unknown}
 u - 2 potions of lignification {unknown}


   Skills:
 + Level 5.0 Fighting
 - Level 2.0 Dodging
 - Level 2.6 Stealth
 + Level 2.8 Shields
 + Level 5.1 Unarmed Combat
 + Level 6.6 Spellcasting
 - Level 1.0 Transmutations
 * Level 8.7 Earth Magic


You had 11 spell levels left.
You knew the following spells:

 Your Spells              Type           Power      Damage    Failure   Level
a - Sandblast             Erth           100%       2d20      1%          1
b - Stone Arrow           Conj/Erth      74%        3d11      4%          3
c - Passwall              Tmut/Erth      34%        N/A       1%          2
d - Petrify               Tmut/Erth      41%        N/A       12%         4

Your spell library contained the following spells:

 Spells                   Type           Power      Damage    Failure   Level
 Shock                    Conj/Air       24%        1d4       10%         1
 Beastly Appendage        Tmut           22%        N/A       6%          1
 Freeze                   Ice            24%        1d5       10%         1
 Magic Dart               Conj           24%        1d4       10%         1
 Summon Small Mammal      Summ           24%        N/A       10%         1
 Wereblood                Tmut           11%        N/A       10%         2
 Searing Ray              Conj           12%        2d4       14%         2
 Sublimation of Blood     Necr           6%         N/A       14%         2
 Spider Form              Tmut/Pois      9%         N/A       22%         3
 Call Canine Familiar     Summ           6%         N/A       28%         3
 Frozen Ramparts          Ice            12%        1d2       28%         3
 Hailstorm                Conj/Ice       6%         3d4       28%         3
 Inner Flame              Hex/Fire       6%         N/A       28%         3
 Summon Guardian Golem    Hex/Summ       6%         N/A       28%         3
 Flame Wave               Conj/Fire      6%         2d5       67%         4
 Fulminant Prism          Conj/Hex       3%         3d6       67%         4
 Sticky Flame             Conj/Fire      6%         2d3       67%         4
 Summon Hydra             Summ           3%         N/A       100%        7


Dungeon Overview and Level Annotations

Branches:
Dungeon (7/15)             Temple (1/1) D:6          Bailey (1/1)

Altars:
Ashenzari
Cheibriados
Dithmenos
Elyvilon
Fedhas
Gozag
Hepliaklqana
Kikubaaqudgha
Makhleb
Nemelex Xobeh
Okawaru
Qazlal
Ru
Sif Muna
Trog
Uskayaw
Vehumet
Xom
Yredelemnul
Zin
The Shining One

Shops:
D:2 ?


Innate Abilities, Weirdness & Mutations

You cannot wear most types of armour.
You are amphibious.
You can wear up to eight rings at the same time.
Your skin changes colour to match your surroundings (Stealth+).
Your rubbery body absorbs attacks. (AC +1, EV +1)
You are camouflaged when in or above water. (Stealth+)
You have tentacles for arms and can constrict up to eight enemies at once.


Message History

The orc warrior is almost dead.
The orc warrior shoots a bolt.
The bolt hits you!!
* * * LOW HITPOINT WARNING * * *
Casting: Stone Arrow (dangerous; 4% risk of failure)
Confirm with . or Enter, or press ? or * to list all spells.
Aiming: Sandblast (safe; 1% risk of failure)
Press: ? - help, Shift-Dir - straight line, f/p - orc warrior
Aim: an orc warrior, wielding a +0 arbalest and wearing a +0 ring mail (almost dead, 82% to hit)
You feel a surge of power!
The blast of sand hits the orc.
The orc is heavily wounded.
Casting: Sandblast (safe; 1% risk of failure)
Confirm with . or Enter, or press ? or * to list all spells.
Aiming: Stone Arrow (dangerous; 4% risk of failure)
Press: ? - help, Shift-Dir - straight line, f/p - orc warrior
Aim: an orc warrior, wielding a +0 arbalest and wearing a +0 ring mail (almost dead, 67% to hit)
You feel a surge of power!
You miscast Stone Arrow.
You are very lightly contaminated with residual magic.
Nothing appears to happen.
Casting: Stone Arrow (dangerous; 4% risk of failure)
Confirm with . or Enter, or press ? or * to list all spells.
Aiming: Stone Arrow (dangerous; 4% risk of failure)
Press: ? - help, Shift-Dir - straight line, f/p - orc warrior
Aim: an orc warrior, wielding a +0 arbalest and wearing a +0 ring mail (almost dead, 67% to hit)
You feel a surge of power!
The stone arrow hits the orc warrior!
You kill the orc warrior!
Vehumet accepts your kill.
The orc shoots a bolt.
The bolt closely misses you.
The orc shoots a bolt.
The bolt hits you!
* * * LOW HITPOINT WARNING * * *
Casting: Stone Arrow (dangerous; 4% risk of failure)
Confirm with . or Enter, or press ? or * to list all spells.
Aiming: Sandblast (safe; 1% risk of failure)
Press: ? - help, Shift-Dir - straight line, f - orc
Aim: an orc, wielding a +0 arbalest and wearing a +0 ring mail (87% to hit)
You feel a surge of power!
The blast of sand misses the orc.
The orc shoots a bolt.
The bolt barely misses you.
The orc shoots a bolt.
The bolt misses you.
The orc shoots a bolt.
The bolt hits you.
* * * LOW HITPOINT WARNING * * *
The orc shoots a bolt.
The bolt hits you!
You die...

#
##............#
#............#
#............#
#............#
##............#
#.............#
##.............#
#
#..............#
#
...≈≈≈.@≈......#
...≈##)#≈≈.....#
. #oo##≈.....# .
.... #≈.....# .
.≈##.##≈.....# .
...≈ ## ≈≈.....#
. ... ≈≈
≈......# . .. ..
......# .


You could see 2 orcs.

Vanquished Creatures
  A two-headed ogre (D:5)
  A wyvern (D:7)
  A steam dragon (D:7)
  A water moccasin (D:5)
  6 orc warriors
  A sky beast (D:6)
  A centaur (D:7)
  A gnoll sergeant (D:6)
  3 bullfrogs
  2 necrophages
  2 scorpions (D:5)
  A wight (D:7)
  A howler monkey (D:6)
  2 hounds
  6 jellies
  3 orc priests
  3 iguanas
  Jessica (D:2)
  2 orc wizards
  9 gnolls
  5 adders
  2 white imps
  An ufetubus (D:4)
  A worm (D:2)
  3 dart slugs
  26 orcs
  9 ball pythons
  11 endoplasms
  3 giant cockroaches
  11 goblins
  6 hobgoblins
  3 jackals (D:2)
  5 quokkas
  7 bats
  5 frilled lizards
  12 kobolds
  3 rats
161 creatures vanquished.

Notes
Turn   | Place    | Note
-------+----------+-------------------------------------------
     0 | D:1      | Crownlay the Octopode Earth Elementalist began the quest
                  | for the Orb.
     0 | D:1      | Reached XP level 1. HP: 11/11 MP: 3/3
    86 | D:1      | Upgraded the game from 0.30-a0-141-g30f27751c5 to
                  | 0.30-a0-149-g7f746667c4
    86 | D:1      | Upgraded the game from 0.30-a0-149-g7f746667c4 to
                  | 0.30-a0-219-gf2db51d15e
    86 | D:1      | Upgraded the game from 0.30-a0-219-gf2db51d15e to
                  | 0.30-a0-223-gcb0039aa0c
   207 | D:1      | Reached XP level 2. HP: 17/17 MP: 3/5
   301 | D:1      | Found a faded altar of an unknown god.
   832 | D:1      | Reached XP level 3. HP: 18/21 MP: 7/7
   836 | D:1      | Learned a level 3 spell: Stone Arrow
   839 | D:1      | Learned a level 2 spell: Passwall
  1656 | D:2      | Reached XP level 4. HP: 27/27 MP: 5/9
  1789 | D:2      | Found Ilyus's Magic Scroll Boutique.
  1812 | D:2      | Noticed Jessica
  1816 | D:2      | Killed Jessica
  1851 | D:2      | Bought a scroll of noise for 11 gold pieces
  1851 | D:2      | Bought a scroll of identify for 22 gold pieces
  1851 | D:2      | Bought a scroll of identify for 22 gold pieces
  1880 | D:2      | You fall into a shaft and drop 1 floor!
  2036 | D:3      | Reached skill level 4 in Earth Magic
  2036 | D:3      | Reached XP level 5. HP: 8/31 MP: 8/11
  2697 | D:3      | Learned a level 4 spell: Petrify
  3087 | D:3      | Reached XP level 6. HP: 12/36 MP: 1/12
  3185 | D:4      | Reached skill level 1 in Unarmed Combat
  3291 | D:4      | Reached skill level 1 in Fighting
  3526 | D:4      | Found a shadowy altar of Dithmenos.
  3531 | D:4      | Found an ancient bone altar of Kikubaaqudgha.
  3531 | D:4      | Found a shimmering blue altar of Sif Muna.
  3540 | D:4      | Found a sacrificial altar of Ru.
  3543 | D:4      | Found a glowing golden altar of the Shining One.
  3682 | D:4      | Found an opulent altar of Gozag.
  3851 | D:5      | Entered Level 5 of the Dungeon
  3851 | D:5      | Noticed a two-headed ogre
  3854 | D:5      | Reached skill level 5 in Earth Magic
  3894 | D:5      | Noticed a water moccasin
  3898 | D:5      | Killed a water moccasin
  3899 | D:5      | Reached XP level 7. HP: 44/44 MP: 2/14
  4250 | D:5      | Reached skill level 5 in Spellcasting
  4408 | D:5      | Killed a two-headed ogre
  4409 | D:5      | Reached skill level 6 in Earth Magic
  4409 | D:5      | Reached XP level 8. HP: 52/52 MP: 1/16
  4809 | D:6      | Reached skill level 7 in Earth Magic
  4939 | D:6      | Found a staircase to the Ecumenical Temple.
  4951 | Temple   | Entered the Ecumenical Temple
  4993 | Temple   | Became a worshipper of Vehumet
  5165 | D:6      | Reached XP level 9. HP: 34/58 MP: 9/18
  5406 | D:6      | Reached skill level 1 in Shields
  5646 | D:7      | Reached skill level 8 in Earth Magic
  5725 | D:7      | Reached * piety under Vehumet
  5725 | D:7      | Offered knowledge of Shock by Vehumet.
  5763 | D:7      | Found a flagged portal.
  5809 | Bailey   | Entered a bailey
  6022 | Bailey   | Reached skill level 5 in Unarmed Combat
  6027 | Bailey   | Reached skill level 5 in Fighting
  6167 | Bailey   | HP: 3/61 [orc/bolt (2)]
  6167 | Bailey   | Shot with a bolt by an orc

Illustrated notes

Levels and vault maps discovered:
D:1:      dpeg_cavernosity, layout_basic, dilly_ecumenical_altar_fadedgnrine,
          serial_co_window_serial, co_window_paths_a, co_window_paths_a,
          co_window_paths_b, co_window_corner_a, co_window_of_opportunity_a,
          co_window_cross_3, co_window_unsneaky_path_d, co_window_paths_c,
          co_window_corner_b
D:2:      minmay_general_purpose_star, layout_rooms, serial_shops,
          nicolae_diamond_shop, chequers_serial_rivers_micro_a,
          minmay_statues_item, uniq_jessica
D:3:      layout_basic, chequers_jeans, nicolae_figureground_sparkle
D:4:      layout_cave_pools, minmay_overflow_temple_star_hex,
          grunt_gozag_breadcrumbs
D:5:      layout_basic
D:6:      layout_basic, minmay_temple_entry_tees, grunt_ministairs_3
D:7:      layout_basic, enter_bailey_5
Temple:   hellmonk_temple_two_chambers
Bailey:   bailey_polearm_2, bailey

Skill      XL: |  1  2  3  4  5  6  7  8  9 |
---------------+----------------------------+-----
Spellcasting   | 3 4 5 6 |  6.6
Earth Magic    | 4 5 6 7 8 |  8.7
Unarmed Combat | 1 3 4 5 |  5.1
Fighting       | 1 3 4 5 |  5.0
Shields        | 2 |  2.8
Dodging        | |  2.0
Stealth        | |  2.6
Transmutations | |  1.0

Action                   |  1- 3 |  4- 6 |  7- 9 || total
-------------------------+-------+-------+-------++-------
Melee: Dagger            |    19 |    20 |       ||    39
       Tentacles         |     6 |     2 |     2 ||    10
       Constrict         |     4 |     3 |     2 ||     9
       Staff             |       |       |     6 ||     6
 Cast: Sandblast         |    41 |    76 |    96 ||   213
       Stone Arrow       |       |     2 |    21 ||    23
       Petrify           |       |       |     5 ||     5
  Use: Scroll            |       |     5 |     4 ||     9
 Stab: Sleeping          |     1 |     1 |       ||     2
Armor: Skin              |     4 |     1 |     6 ||    11
Dodge: Dodged            |    23 |    26 |    36 ||    85

Table legend: (Time is in decaauts)
 A = Elapsed time spent in this place.
 B = Non-inter-level travel time spent in this place.
 C = Inter-level travel time spent in this place.
 D = Time resting spent in this place.
 E = Time spent auto-exploring this place.
 F = Levels seen in this place.
 G = Mean time per level.
                   A        B        C        D        E       F      G
               +--------+--------+--------+--------+--------+-----+--------+
         Total |   6276 |   5991 |    285 |    222 |   4304 |   9 |  697.3 |
       Dungeon |   5859 |   5574 |    285 |      0 |   4269 |   7 |  837.0 |
        Temple |     51 |     51 |      0 |      0 |     35 |   1 |   51.0 |
        Bailey |    365 |    365 |      0 |    222 |      0 |   1 |  365.0 |
               +--------+--------+--------+--------+--------+-----+--------+

Top non-repeatable levels by time:
     D:1: 1388 daAuts
     D:3: 1010 daAuts
     D:4: 859 daAuts
     D:5: 807 daAuts
     D:2: 803 daAuts
     D:6: 776 daAuts
  Bailey: 365 daAuts
     D:7: 213 daAuts
  Temple: 51 daAuts
